[Event "Team 45 45 League T99"]
[Site "Internet Chess Club"]
[Date "2024.02.19"]
[Round "1"]
[White "QuieroAprender"]
[Black "VictorRed"]
[Result "0-1"]
[WhiteElo "1656"]
[BlackElo "1640"]
[Opening "Queen's bishop game"]
[ECO "D02"]
[Time "20:08:36"]
[PlyCount "47"]
[TimeControl "2700+45"]

1. d4 d5 2. Nf3 Nf6 3. Bf4 e6 4. e3 Nc6 5. c3 a6 6. Nbd2 Be7 7. Bd3 h6 8. O-O
O-O 9. Ne5 Nxe5 10. dxe5 Nd7 11. Qh5 f5 12. Qg6 Kh8 13. Bxh6 gxh6 14. Qxh6+ Kg8
15. Qxe6+ Rf7 16. Bxf5 Nf8 17. Qh6 Bxf5 18. Nf3 Rg7 19. Kh1 Be4 20. Rad1 a5 21.
Rd4 Ra6 22. Qf4 Qe8 23. c4 Ne6 24. Qh6 {White resigns} 0-1

[Event "Team 45 45 League T99"]
[Site "Internet Chess Club"]
[Date "2024.02.19"]
[Round "1"]
[White "mongmong"]
[Black "fireball"]
[Result "1/2-1/2"]
[WhiteElo "1520"]
[BlackElo "1525"]
[Opening "Old Benoni defense"]
[ECO "A46"]
[Time "10:03:08"]
[PlyCount "49"]
[TimeControl "2700+45"]

1. d4 Nf6 2. Nf3 c5 3. d5 d6 4. Nc3 g6 5. e4 Bg7 6. Be2 O-O 7. O-O a6 8. a4 Nbd7
9. Bf4 Nh5 10. Bd2 Nhf6 11. Bf4 Ne8 12. Qd2 f6 13. Bh6 Ne5 14. Nxe5 fxe5 15.
Bxg7 Nxg7 16. Qd1 Qa5 17. Bg4 Ne8 18. Bxc8 Rxc8 19. Qe1 Qb4 20. b3 Nf6 21. f3
Qd4+ 22. Kh1 Rb8 23. Ne2 Qe3 24. Nc3 Qxe1 25. Raxe1 {Game drawn by mutual
agreement} 1/2-1/2

[Event "Team 45 45 League T99"]
[Site "Internet Chess Club"]
[Date "2024.02.18"]
[Round "1"]
[White "seattleblues"]
[Black "Gilguli"]
[Result "1-0"]
[WhiteElo "1376"]
[BlackElo "1407"]
[Opening "Old Benoni defense"]
[ECO "A43"]
[Time "15:04:35"]
[PlyCount "70"]
[TimeControl "2700+45"]

1. d4 c5 2. Nf3 cxd4 3. Nxd4 e5 4. Nb3 Nc6 5. c4 g6 6. Nc3 Bg7 7. e4 Nge7 8. Be2
O-O 9. O-O f5 10. Bg5 h6 11. Bxe7 Nxe7 12. exf5 gxf5 13. Qc2 Qe8 14. Rad1 Kh7
15. Nc5 b6 16. Nd3 Rg8 17. Ne1 Qg6 18. Nb5 Bb7 19. Rd6 Qxg2+ 20. Nxg2 Bf8 21. f3
e4 22. Qd1 Ng6 23. Rxd7+ Kh8 24. Rxb7 Nh4 25. Qd4+ Rg7 26. Rxg7 Bc5 27. Rc7+
Bxd4+ 28. Kh1 Nxg2 29. Kxg2 Be5 30. Rf7 Rg8+ 31. Kh1 exf3 32. Bxf3 Rg5 33. Rf8+
Kg7 34. Ra8 h5 35. Rxa7+ Kg6 {Black resigns} 1-0

[Event "Team 45 45 League T99"]
[Site "Internet Chess Club"]
[Date "2024.02.20"]
[Round "1"]
[White "clarinetref"]
[Black "fhunfi"]
[Result "0-1"]
[WhiteElo "1547"]
[BlackElo "1728"]
[Opening "French: exchange variation"]
[ECO "C01"]
[Time "09:06:58"]
[PlyCount "118"]
[TimeControl "2700+45"]

1. e4 e6 2. d4 d5 3. exd5 exd5 4. c3 Bd6 5. Bd3 Nf6 6. Ne2 O-O 7. O-O Re8 8. Bf4
c5 9. Bxd6 Qxd6 10. dxc5 Qxc5 11. Nd4 Nc6 12. Na3 a6 13. Nac2 Bd7 14. h3 Re7 15.
Qf3 Rae8 16. Bf5 Ne5 17. Qd1 g6 18. Bxd7 Nexd7 19. Nb3 Qc7 20. Ne3 Nb6 21. Qf3
Kg7 22. Rad1 Rd7 23. Rd3 Red8 24. Rfd1 Qc6 25. Nd4 Qc7 26. Ne2 Qe5 27. g4 Qe4
28. Qf4 Qxf4 29. Nxf4 g5 30. Nf5+ Kf8 31. Ne2 Nc4 32. R3d2 Nxd2 33. Rxd2 Ne4 34.
Rd3 Nc5 35. Rf3 Ne6 36. Ned4 Nxd4 37. Nxd4 Re8 38. Rf5 h6 39. Rf3 Rd6 40. Nf5
Rde6 41. Nd4 Re1+ 42. Kg2 Rb1 43. Nf5 Re6 44. Nd4 Ree1 45. Rf6 Rxb2 46. Rxh6 Ke8
47. Rf6 Re5 48. Rf3 Rxa2 49. Nf5 Re1 50. Nd6+ Ke7 51. Nxb7 Ra3 52. Nc5 d4 53.
cxd4 Rxf3 54. Kxf3 a5 55. Nd3 Rh1 56. Kg2 Rb1 57. f4 f6 58. Kf2 a4 59. Nc5 a3
{White resigns} 0-1

[Event "Team 45 45 League T99"]
[Site "Internet Chess Club"]
[Date "2024.02.18"]
[Round "1"]
[White "evan7284"]
[Black "Electryon"]
[Result "1-0"]
[WhiteElo "1600"]
[BlackElo "1560"]
[Opening "Queen's pawn game"]
[ECO "D00"]
[Time "15:06:41"]
[PlyCount "63"]
[TimeControl "2700+45"]

1. d4 Nf6 2. Nc3 d5 3. Bf4 c6 4. e3 e6 5. a3 Bd6 6. Bg3 Qe7 7. Bxd6 Qxd6 8. f4
Nbd7 9. Nf3 O-O 10. Bd3 c5 11. Ne5 c4 12. Be2 a6 13. O-O b5 14. Bf3 Bb7 15. Ne2
Ne4 16. Qe1 Nxe5 17. fxe5 Qe7 18. Ng3 Qg5 19. Nxe4 dxe4 20. Bd1 f5 21. exf6 Rxf6
22. Rxf6 Qxf6 23. Qf2 Qg5 24. Qg3 Qf5 25. Bg4 Qd5 26. Qh3 Re8 27. Rf1 e5 28. c3
exd4 29. cxd4 Qc6 30. Qh5 Bc8 31. Qf7+ Kh8 32. Qf8+ {Black resigns} 1-0

[Event "Team 45 45 League T99"]
[Site "Internet Chess Club"]
[Date "2024.02.17"]
[Round "1"]
[White "DaveTheRook"]
[Black "BrerRabbit"]
[Result "1-0"]
[WhiteElo "1470"]
[BlackElo "1285"]
[Opening "QGD: 4.Nf3"]
[ECO "D37"]
[Time "15:00:44"]
[PlyCount "159"]
[TimeControl "2700+45"]

1. d4 d5 2. c4 e6 3. Nc3 Nf6 4. Nf3 a6 5. cxd5 exd5 6. Bg5 Be6 7. e3 Nbd7 8. Bd3
Bd6 9. O-O c6 10. Qc2 Qc7 11. h3 h6 12. Bxf6 Nxf6 13. Rac1 O-O 14. Na4 Qd8 15.
a3 b5 16. Nc5 Bxc5 17. Qxc5 Bd7 18. Qc2 Re8 19. Ne5 Rc8 20. Nxd7 Nxd7 21. Bf5
Rc7 22. Qe2 g6 23. Bxd7 Qxd7 24. Rc5 Re4 25. Rfc1 Re6 26. R1c3 Kf8 27. Qd2 h5
28. Rc2 Rc8 29. Qa5 Qb7 30. Qc3 Ke7 31. Qd2 Kd7 32. Qd1 Kc7 33. Qf3 Kb6 34. Qe2
Qe7 35. Qd2 Qb7 36. b4 Qd7 37. Ra2 Kc7 38. a4 Kd6 39. axb5 axb5 40. Ra6 Qb7 41.
Qa2 Re7 42. Qa5 Ree8 43. Ra7 Qb8 44. Rxf7 Re7 45. Rf6+ Re6 46. Rxe6+ Kxe6 47.
Qa6 Kd6 48. Rxb5 Qa8 49. Qxa8 Rxa8 50. Rb7 Ke6 51. Kh2 h4 52. Rh7 g5 53. Rh6+
Kf5 54. Rxc6 Rb8 55. Rc5 Rxb4 56. Rxd5+ Ke4 57. Re5+ Kd3 58. Rxg5 Rb2 59. Rf5
Ke2 60. e4 Rb4 61. Rd5 Kxf2 62. Rg5 Rxd4 63. Rg4 Ke3 64. Rxh4 Rxe4 65. Rxe4+
Kxe4 66. h4 Kf4 67. Kh3 Kf5 68. g4+ Kg6 69. Kg3 Kh6 70. Kf4 Kg6 71. Ke5 Kh6 72.
Kf6 Kh7 73. h5 Kh6 74. g5+ Kh7 75. g6+ Kh8 76. g7+ Kg8 77. h6 Kh7 78. Kf7 Kxh6
79. g8=Q Kh5 80. Qg3 {Black resigns} 1-0

[Event "Team 45 45 League T99"]
[Site "Internet Chess Club"]
[Date "2024.02.18"]
[Round "1"]
[White "BIRDSMAN"]
[Black "garytd"]
[Result "1-0"]
[WhiteElo "1424"]
[BlackElo "1479"]
[Opening "Colle system"]
[ECO "A46"]
[Time "14:00:35"]
[PlyCount "53"]
[TimeControl "2700+45"]

1. d4 Nf6 2. Nf3 e6 3. e3 c5 4. c3 d5 5. Bd3 Nbd7 6. Nbd2 Bd6 7. O-O b6 8. e4
dxe4 9. Nxe4 Nxe4 10. Bxe4 Rb8 11. Re1 O-O 12. Bc2 h6 13. Qd3 Nf6 14. Ne5 Qc7
15. f4 b5 16. Re3 c4 17. Qe2 g6 18. g4 Kg7 19. Rh3 Rh8 20. g5 hxg5 21. Rxh8 Kxh8
22. fxg5 Bxe5 23. dxe5 Nh5 24. Be3 Qxe5 25. Bd4 Qxd4+ 26. cxd4 Nf4 27. Qe5+
{Black resigns} 1-0

[Event "Team 45 45 League T99"]
[Site "Internet Chess Club"]
[Date "2024.02.16"]
[Round "1"]
[White "Fischeresque930"]
[Black "Goli"]
[Result "1-0"]
[WhiteElo "2078"]
[BlackElo "1815"]
[Opening "Queen's pawn: London system"]
[ECO "A45"]
[Time "13:01:17"]
[PlyCount "147"]
[TimeControl "2700+45"]

1. d4 Nf6 2. Bf4 g6 3. e3 Bg7 4. Nf3 d6 5. h3 O-O 6. Be2 c5 7. O-O cxd4 8. exd4
Nc6 9. c3 a6 10. Nbd2 Bf5 11. Re1 Qc7 12. Bh2 Rac8 13. a4 Qd8 14. Qb3 Na5 15.
Qa3 Ne4 16. Bf1 Nxd2 17. Nxd2 Be6 18. Re3 Nc4 19. Nxc4 Bxc4 20. Bxc4 Rxc4 21.
Qb3 Rc7 22. Rae1 Bh6 23. R3e2 Re8 24. Kh1 Rd7 25. d5 Qc7 26. f3 Rdd8 27. Bg1 Rc8
28. Bd4 Bg7 29. Qd1 Bxd4 30. Qxd4 Qd7 31. Kh2 Rc7 32. h4 h5 33. g4 hxg4 34. Qxg4
Qxg4 35. fxg4 Rc4 36. Kg3 Rxa4 37. Rxe7 Rxe7 38. Rxe7 Ra5 39. Rxb7 Rxd5 40. Rb6
a5 41. Kf4 Kf8 42. b3 Ke7 43. c4 Re5 44. Rb5 f6 45. Rb7+ Kf8 46. Rd7 g5+ 47.
hxg5 fxg5+ 48. Kf3 Re6 49. Rb7 Rf6+ 50. Kg3 Re6 51. Rb5 Kf7 52. Kf3 Rf6+ 53. Ke3
Re6+ 54. Kd4 Kf6 55. Rf5+ Kg6 56. Rxa5 Re1 57. Ra6 Rd1+ 58. Ke3 Kf7 59. b4 Re1+
60. Kd4 Rd1+ 61. Ke4 Ke6 62. c5 Re1+ 63. Kf3 Rf1+ 64. Kg3 Rg1+ 65. Kh3 Rb1 66.
Rxd6+ Ke5 67. Rb6 Kf4 68. Rf6+ Ke4 69. Rf5 Rb3+ 70. Kg2 Rb2+ 71. Kf1 Rxb4 72.
Rxg5 Kf4 73. Rg6 Kf3 74. Ke1 {Black forfeits on time} 1-0

[Event "Team 45 45 League T99"]
[Site "Internet Chess Club"]
[Date "2024.02.14"]
[Round "1"]
[White "fhunfi"]
[Black "trombone"]
[Result "0-1"]
[WhiteElo "1719"]
[BlackElo "1788"]
[Opening "Robatsch (modern) defense"]
[ECO "B06"]
[Time "09:17:54"]
[PlyCount "86"]
[TimeControl "2700+45"]

1. e4 g6 2. d4 Bg7 3. c3 d6 4. Bd3 Nf6 5. Nf3 O-O 6. O-O Nc6 7. d5 Nb8 8. h3 c6
9. c4 e6 10. Nc3 exd5 11. exd5 cxd5 12. cxd5 Re8 13. Bc2 Nbd7 14. Be3 Nc5 15.
Bxc5 dxc5 16. Qd2 b6 17. Rfd1 Bb7 18. Bb3 a6 19. a4 Qd6 20. Bc4 Ne4 21. Nxe4
Rxe4 22. Rac1 Qf4 23. Qxf4 Rxf4 24. b3 Rd8 25. Rd3 h6 26. Re1 Kf8 27. Ne5 Rf5
28. Nc6 Rd7 29. Rde3 Bf6 30. Re8+ Kg7 31. Rb8 h5 32. Ree8 h4 33. Kf1 b5 34. axb5
axb5 35. Bxb5 Rfxd5 36. Na5 Rd1+ 37. Ke2 R7d2+ 38. Ke3 Bd4+ 39. Kf4 Rxf2+ 40.
Kg4 Rxg2+ 41. Kf4 Rf2+ 42. Kg4 Rg1+ 43. Kxh4 Bf6# {White checkmated} 0-1

[Event "Team 45 45 League T99"]
[Site "Internet Chess Club"]
[Date "2024.02.18"]
[Round "1"]
[White "Signofthetimes"]
[Black "WillC"]
[Result "0-1"]
[WhiteElo "1555"]
[BlackElo "1574"]
[Opening "Scandinavian (center counter) defense"]
[ECO "B01"]
[Time "09:00:24"]
[PlyCount "70"]
[TimeControl "2700+45"]

1. e4 d5 2. e5 Bf5 3. Nf3 e6 4. d4 c5 5. Bb5+ Nd7 6. O-O a6 7. Bxd7+ Qxd7 8. h3
cxd4 9. Nxd4 Bg6 10. c3 Bc5 11. Be3 Rc8 12. Qg4 Ne7 13. h4 h5 14. Qe2 Bxd4 15.
Bxd4 Nf5 16. Nd2 Nxh4 17. Nb3 Be4 18. f3 Bg6 19. Bc5 Nf5 20. Kf2 h4 21. Qd2 Qb5
22. Bd6 Qb6+ 23. Nd4 Nxd6 24. exd6 Qxd6 25. Qg5 Qe7 26. Qg4 Qf6 27. Rh1 Ke7 28.
Rae1 Kd7 29. Re3 Rc4 30. b3 Bf5 31. Qf4 g5 32. Qh2 Rc7 33. Ke2 Rhc8 34. Kd2 Rxc3
35. Nxf5 Rc2+ {White resigns} 0-1

[Event "Team 45 45 League T99"]
[Site "Internet Chess Club"]
[Date "2024.02.16"]
[Round "1"]
[White "ChessMaine"]
[Black "stantheman59"]
[Result "1-0"]
[WhiteElo "1457"]
[BlackElo "1146"]
[Opening "Queen's pawn: stonewall attack"]
[ECO "A45"]
[Time "19:00:22"]
[PlyCount "83"]
[TimeControl "2700+45"]

1. d4 Nf6 2. e3 d5 3. Bd3 Bg4 4. Ne2 e6 5. O-O c5 6. c3 c4 7. Bc2 Bd6 8. Nd2 Nc6
9. f3 Bh5 10. Nf4 Qc7 11. g3 O-O-O 12. Nxh5 Nxh5 13. f4 Nf6 14. e4 dxe4 15. Nxe4
Nxe4 16. Bxe4 f5 17. Bg2 Ne7 18. Qe2 e5 19. fxe5 Bxe5 20. Qxe5 Qxe5 21. dxe5 g6
22. Bg5 Rhe8 23. Rfd1 Rxd1+ 24. Rxd1 Nc6 25. Bxc6 bxc6 26. Bf6 a5 27. Rd4 Kb7
28. Rxc4 Kb6 29. Rd4 Rb8 30. e6 c5 31. Rd8 Rxd8 32. Bxd8+ Kc6 33. e7 Kd7 34. Kf2
a4 35. Ke3 g5 36. b4 h5 37. bxc5 f4+ 38. gxf4 g4 39. c6+ Ke8 40. c7 h4 41. c8=Q
h3 42. Qc6+ {Black resigns} 1-0

[Event "Team 45 45 League T99"]
[Site "Internet Chess Club"]
[Date "2024.02.18"]
[Round "1"]
[White "DimEyeChessGuy"]
[Black "Packerfan"]
[Result "1-0"]
[WhiteElo "1650"]
[BlackElo "1698"]
[Opening "Ruy Lopez: Schliemann defense"]
[ECO "C63"]
[Time "15:03:35"]
[PlyCount "89"]
[TimeControl "2700+45"]

1. e4 e5 2. Nf3 Nc6 3. Bb5 f5 4. d3 fxe4 5. dxe4 Nf6 6. O-O Bc5 7. Bxc6 bxc6 8.
Nxe5 O-O 9. Nc3 d6 10. Na4 Qe8 11. Nd3 Bb6 12. Nxb6 axb6 13. f3 Qe6 14. b3 Bb7
15. Bb2 d5 16. exd5 cxd5 17. Re1 Qd6 18. Be5 Qd7 19. a4 c5 20. Qd2 d4 21. Bg3
Nd5 22. Re5 Rfe8 23. Rae1 Rxe5 24. Rxe5 Re8 25. Rxe8+ Qxe8 26. a5 Qb5 27. Qe2
Ne3 28. axb6 Qxb6 29. Bf2 c4 30. bxc4 Qb1+ 31. Ne1 Qc1 32. h4 Ba6 33. Kh2 Kf8
34. f4 Bxc4 35. Qh5 Nd5 36. Qf5+ Ke7 37. Qe5+ Kf7 38. Nf3 Qxf4+ 39. Qxf4+ Nxf4
40. Ne5+ Ke6 41. Nxc4 Kd5 42. Nb6+ Ke4 43. Nc4 Nd5 44. Nd2+ Ke5 45. Nf3+ {Black
resigns} 1-0

[Event "Team 45 45 League T99"]
[Site "Internet Chess Club"]
[Date "2024.02.16"]
[Round "1"]
[White "Salvatore"]
[Black "elmaestro"]
[Result "1/2-1/2"]
[WhiteElo "1559"]
[BlackElo "1663"]
[Opening "Sicilian: Grand Prix attack"]
[ECO "B23"]
[Time "20:08:36"]
[PlyCount "219"]
[TimeControl "2700+45"]

1. e4 c5 2. Nc3 Nc6 3. f4 d6 4. Nf3 g6 5. Bc4 e6 6. d3 Bg7 7. O-O Nge7 8. Be3 a6
9. a3 b5 10. Ba2 Bb7 11. Rb1 O-O 12. Ne2 Rc8 13. c3 a5 14. Ng5 Qd7 15. Qe1 h6
16. Nf3 a4 17. h4 b4 18. axb4 cxb4 19. cxb4 d5 20. b5 Nd8 21. Qb4 dxe4 22. dxe4
Qd3 23. Qd2 Qxe4 24. Ng3 Qc2 25. Qd7 Rc7 26. Qd1 Nd5 27. Qxc2 Rxc2 28. Bxd5 Bxd5
29. Ne1 Rxb2 30. Rxb2 Bxb2 31. Nd3 Bg7 32. Ne5 Nb7 33. Ra1 Bb3 34. Ra3 Rd8 35.
Ne4 Rd1+ 36. Kh2 Bxe5 37. fxe5 Re1 38. Nf6+ Kg7 39. Bd4 Rd1 40. Bf2 Na5 41. Ne8+
Kf8 42. Nd6 f6 43. b6 fxe5 44. b7 Nc6 45. Bc5 Kg8 46. Nc8 Rd8 47. Nd6 Nb8 48.
Ra1 Bd5 49. Rxa4 Kg7 50. Ra3 Rd7 51. Ra7 e4 52. Bd4+ Kh7 53. Be5 Bxb7 54. Nxb7
Nc6 55. Ra8 Nxe5 56. Nc5 e3 57. Nxd7 Nxd7 58. Ra3 Ne5 59. Kg1 Ng4 60. Kf1 Kg7
61. Ke2 Kf6 62. Ra4 h5 63. Rf4+ Kg7 64. Ra4 Kf6 65. Ra8 Kg7 66. Re8 Kf7 67. Ra8
Nh6 68. Kxe3 Nf5+ 69. Kf2 Nxh4 70. Ra7+ Kf6 71. Ra6 Nf5 72. Ra8 Kg5 73. Ra5 Kf6
74. Kf3 g5 75. g4 hxg4+ 76. Kxg4 Ne3+ 77. Kf3 Nf5 78. Kg4 Nh6+ 79. Kh5 Nf7 80.
Kg4 Ne5+ 81. Kg3 Kf5 82. Ra8 Ng6 83. Ra5+ e5 84. Rb5 Nf4 85. Ra5 Nh5+ 86. Kh3
g4+ 87. Kg2 Kf4 88. Rb5 Nf6 89. Rb8 e4 90. Rf8 Kg5 91. Ra8 e3 92. Ra7 Kf4 93.
Rf7 Ke5 94. Re7+ Kd4 95. Rf7 Ne4 96. Kf1 g3 97. Rf4 Kd3 98. Ke1 Nc3 99. Rg4 Ne4
100. Rg7 e2 101. Rg8 Ke3 102. Rg7 Kf3 103. Rf7+ Ke3 104. Rg7 Kf3 105. Rf7+ Ke3
106. Rg7 Nd2 107. Re7+ Ne4 108. Rg7 Kf3 109. Rf7+ Ke3 110. Rg7 {Game drawn by
repetition} 1/2-1/2

[Event "Team 45 45 League T99"]
[Site "Internet Chess Club"]
[Date "2024.02.16"]
[Round "1"]
[White "defythemachine"]
[Black "justice02"]
[Result "1-0"]
[WhiteElo "1397"]
[BlackElo "1564"]
[Opening "Richter-Veresov attack"]
[ECO "D01"]
[Time "20:00:11"]
[PlyCount "93"]
[TimeControl "2700+45"]

1. d4 d5 2. Nc3 Nf6 3. Bg5 Nbd7 4. Nf3 c6 5. Qd3 h6 6. Bf4 a5 7. a3 e6 8. e4
dxe4 9. Nxe4 Nxe4 10. Qxe4 Be7 11. Bd3 Nf6 12. Qe2 Bd7 13. O-O-O Qb6 14. h4 Rc8
15. Ne5 Qxd4 16. Bg3 Qa4 17. Nc4 O-O 18. Nb6 Qg4 19. Qxg4 Nxg4 20. Nxd7 Rcd8 21.
Nxf8 Kxf8 22. Be2 Nf6 23. Bf3 Rc8 24. Rd3 Ke8 25. Rb3 b5 26. Rd1 b4 27. a4 g5
28. hxg5 hxg5 29. Rh1 Kd7 30. Rd3+ Nd5 31. Rh7 f5 32. Bxd5 cxd5 33. f3 f4 34.
Bf2 Kd6 35. b3 Bf6 36. Bd4 e5 37. Bb6 Ke6 38. Rc7 Rh8 39. Rc6+ Kf5 40. Rxd5 Rh1+
41. Rd1 Rh2 42. Rdd6 Rh1+ 43. Kd2 Bh8 44. Ke2 g4 45. fxg4+ Kxg4 46. Rg6+ Kf5 47.
Rh6 {Black resigns} 1-0

[Event "Team 45 45 League T99"]
[Site "Internet Chess Club"]
[Date "2024.02.19"]
[Round "1"]
[White "RD1974"]
[Black "burlap"]
[Result "0-1"]
[WhiteElo "1526"]
[BlackElo "1483"]
[Opening "Neo-Grünfeld, 6.O-O c6"]
[ECO "D78"]
[Time "19:00:30"]
[PlyCount "116"]
[TimeControl "2700+45"]

1. d4 d5 2. c4 c6 3. Nf3 Nf6 4. g3 g6 5. Bg2 Bg7 6. O-O O-O 7. Nc3 dxc4 8. Ne5
Be6 9. e3 Nbd7 10. Nxc6 bxc6 11. Bxc6 Rc8 12. Bg2 Nb6 13. e4 Qd7 14. Re1 Rcd8
15. d5 Bh3 16. Bh1 Rfe8 17. a4 e6 18. a5 Nc8 19. Bg5 e5 20. f3 Nd6 21. Qd2 Rb8
22. Na4 h6 23. Bxh6 Bxh6 24. Qxh6 Rb4 25. Nc5 Qb5 26. Qxh3 Qxc5+ 27. Kf1 Rxb2
28. Re2 c3 29. Qg2 Rxe2 30. Kxe2 c2 31. Kd2 Rc8 32. Kc1 Nb5 33. g4 Nd4 34. Ra2
Rb8 35. Rxc2 Nxc2 36. Qxc2 Qxc2+ 37. Kxc2 Rb5 38. g5 Nd7 39. Bg2 Rxa5 40. Bh3
Nc5 41. d6 Ra2+ 42. Kc3 Kf8 43. d7 Ke7 44. Kc4 Rxh2 45. Bg4 Nxd7 46. Bxd7 Kxd7
47. Kd5 a5 48. Kxe5 a4 49. f4 a3 50. f5 a2 51. fxg6 a1=Q+ 52. Kf5 Qa5+ 53. e5
Qd8 54. gxf7 Qe7 55. g6 Rf2+ 56. Kg4 Qb4+ 57. Kg5 Qf4+ 58. Kh5 Rh2# {White
checkmated} 0-1

[Event "Team 45 45 League T99"]
[Site "Internet Chess Club"]
[Date "2024.02.19"]
[Round "1"]
[White "kabindra"]
[Black "ChessG2011"]
[Result "1-0"]
[WhiteElo "1684"]
[BlackElo "1354"]
[Opening "King's pawn game"]
[ECO "C50"]
[Time "17:00:29"]
[PlyCount "51"]
[TimeControl "2700+45"]

1. e4 e5 2. Bc4 Nc6 3. Nf3 d6 4. O-O Bg4 5. c3 Nf6 6. Qb3 Na5 7. Bxf7+ Ke7 8.
Qa4 Kxf7 9. Qxa5 Nxe4 10. Qd5+ Ke8 11. Qxe4 Qd7 12. Qxb7 Qc8 13. Qe4 g6 14. d4
Bf5 15. Qh4 e4 16. Re1 Kf7 17. Ng5+ Kg7 18. Nxe4 Qe6 19. Bh6+ Kf7 20. Ng5+ Kg8
21. Nxe6 Re8 22. d5 Bxe6 23. Rxe6 Rxe6 24. dxe6 Bg7 25. Qd8+ Bf8 26. Qxf8#
{Black checkmated} 1-0

[Event "Team 45 45 League T99"]
[Site "Internet Chess Club"]
[Date "2024.02.16"]
[Round "1"]
[White "smsxman"]
[Black "olivermx"]
[Result "1/2-1/2"]
[WhiteElo "1430"]
[BlackElo "1450"]
[Opening "Sicilian defense"]
[ECO "B20"]
[Time "22:01:04"]
[PlyCount "83"]
[TimeControl "2700+45"]

1. e4 c5 2. b3 d6 3. Bb2 Nf6 4. Nc3 a6 5. Nf3 b5 6. g3 Bb7 7. d3 Nbd7 8. Bg2 e6
9. O-O Be7 10. Re1 O-O 11. e5 dxe5 12. Nxe5 Bxg2 13. Nxd7 Qxd7 14. Kxg2 Rfd8 15.
Qf3 Rac8 16. Rad1 Qa7 17. a4 b4 18. Ne2 Nd5 19. d4 Bf6 20. Ba1 c4 21. c3 bxc3
22. Bxc3 cxb3 23. Ba5 Rd7 24. Qxb3 Rb7 25. Qa3 Qa8 26. Kg1 Be7 27. Qa1 Bb4 28.
Bxb4 Rxb4 29. Rb1 a5 30. Rec1 h6 31. Rxc8+ Qxc8 32. Rc1 Qe8 33. Rc5 Qxa4 34.
Rxa5 Qxa1+ 35. Rxa1 g5 36. Ra8+ Kg7 37. Rc8 Rb2 38. Kf1 Rb1+ 39. Kg2 Rb2 40. Kf1
Rb1+ 41. Kg2 Rb2 42. Kf1 {Game drawn by repetition} 1/2-1/2

[Event "Team 45 45 League T99"]
[Site "Internet Chess Club"]
[Date "2024.02.16"]
[Round "1"]
[White "Balderdash"]
[Black "Tjet"]
[Result "0-1"]
[WhiteElo "1181"]
[BlackElo "1284"]
[Opening "King's pawn opening"]
[ECO "B07"]
[Time "20:16:09"]
[PlyCount "104"]
[TimeControl "2700+45"]

1. e4 d6 2. Nf3 Nf6 3. Bc4 e6 4. d4 c6 5. Nc3 b5 6. Be2 b4 7. Na4 Be7 8. O-O O-O
9. b3 Nxe4 10. Bd3 Nf6 11. c3 bxc3 12. Nxc3 Ba6 13. Bg5 Bxd3 14. Qxd3 Nbd7 15.
Rae1 Nd5 16. Bxe7 Qxe7 17. h4 Nxc3 18. Qxc3 c5 19. d5 e5 20. Qe3 Nf6 21. Nh2
Nxd5 22. Qg3 f5 23. f4 e4 24. Qg5 Qxg5 25. hxg5 Rfd8 26. Rf2 Nb4 27. a3 Nd3 28.
Rfe2 Nxe1 29. Rxe1 d5 30. g4 g6 31. gxf5 gxf5 32. Re3 d4 33. Rg3 Kg7 34. Kg2 d3
35. Nf1 d2 36. Ne3 Kg6 37. Nd1 Rd7 38. Rc3 Rc8 39. Kf2 a5 40. Ke2 Rd4 41. Rh3 c4
42. Rh6+ Kg7 43. Ra6 cxb3 44. Ra7+ Kg8 45. Rxa5 Rf8 46. Rb5 Rd3 47. Nb2 Rh3 48.
Rxb3 Rxb3 49. Nd1 Rxa3 50. Kxd2 Rd8+ 51. Ke2 Ra2+ 52. Ke3 Rd3# {White
checkmated} 0-1

[Event "Team 45 45 League T99"]
[Site "Internet Chess Club"]
[Date "2024.02.15"]
[Round "1"]
[White "Valuablecustome"]
[Black "oldbookseller"]
[Result "1-0"]
[WhiteElo "1046"]
[BlackElo "930"]
[Opening "Ruy Lopez: Cozio defense"]
[ECO "C60"]
[Time "16:00:25"]
[PlyCount "87"]
[TimeControl "2700+45"]

1. e4 e5 2. Nf3 Nc6 3. Bb5 Nge7 4. O-O g6 5. d4 Bg7 6. Bxc6 Nxc6 7. Be3 O-O 8.
Nc3 a6 9. d5 Ne7 10. a4 d6 11. h3 f5 12. Bg5 Qd7 13. Bxe7 Qxe7 14. h4 fxe4 15.
Nxe4 Bh6 16. Neg5 Bg4 17. Re1 Qf6 18. Re3 Qf4 19. b3 Rf5 20. Ne6 Bxf3 21. Nxf4
Bxd1 22. Rxd1 Bxf4 23. Rf3 Bh2+ 24. Kxh2 Rh5 25. g3 e4 26. Re3 Rf8 27. Kg2 Rf7
28. c4 Rg7 29. Rxe4 g5 30. Re8+ Kf7 31. Re4 gxh4 32. g4 h3+ 33. Kh2 Rg6 34. Rg1
Rf6 35. f4 Rh4 36. Rg3 b5 37. axb5 c6 38. dxc6 axb5 39. c7 d5 40. c8=Q Ra6 41.
Qxa6 dxe4 42. Qxb5 e3 43. c5 e2 44. Qxe2 {Black resigns} 1-0

[Event "Team 45 45 League T99"]
[Site "Internet Chess Club"]
[Date "2024.02.16"]
[Round "1"]
[White "herrahuu"]
[Black "tightfist"]
[Result "0-1"]
[WhiteElo "1350"]
[BlackElo "1511"]
[Opening "French: advance, Milner-Barry gambit"]
[ECO "C02"]
[Time "12:00:28"]
[PlyCount "44"]
[TimeControl "2700+45"]

1. e4 e6 2. d4 d5 3. e5 c5 4. c3 Qb6 5. Nf3 Nc6 6. Bd3 Bd7 7. O-O cxd4 8. Re1
dxc3 9. Nxc3 Nb4 10. Be3 Bc5 11. Bxc5 Qxc5 12. Rc1 Nxd3 13. Qxd3 Qa5 14. Nd4 a6
15. f4 Ne7 16. g4 O-O 17. f5 Rac8 18. f6 Ng6 19. Re3 Qc7 20. Nce2 Qb8 21. Rh3
Rxc1+ 22. Nxc1 Qxe5 {White resigns} 0-1

[Event "Team 45 45 League T99"]
[Site "Internet Chess Club"]
[Date "2024.02.18"]
[Round "1"]
[White "jjmolina1"]
[Black "SeniorCitizen"]
[Result "1/2-1/2"]
[WhiteElo "1377"]
[BlackElo "1139"]
[Opening "French: Marshall variation"]
[ECO "C10"]
[Time "12:03:43"]
[PlyCount "69"]
[TimeControl "2700+45"]

1. e4 e6 2. d4 d5 3. Nc3 c5 4. exd5 exd5 5. dxc5 Nf6 6. Bg5 Bxc5 7. Nf3 Be6 8.
Bb5+ Nc6 9. Ne5 Qb6 10. Nd3 Ne4 11. Bxc6+ Qxc6 12. Nxc5 Nxc3 13. bxc3 Qxc5 14.
Bd2 Qc4 15. Qe2 Qxe2+ 16. Kxe2 O-O 17. Rhb1 b6 18. a4 Rfc8 19. a5 h6 20. axb6
axb6 21. Rxa8 Rxa8 22. Rxb6 Ra2 23. g3 Rxc2 24. Ke3 Ra2 25. h4 Ra4 26. Rb4 Ra6
27. Kd4 Rc6 28. Be3 f6 29. Kd3 Kh7 30. Bd4 Kg6 31. Rb2 Kh5 32. Rb6 Rxb6 33. Bxb6
Kg6 34. Be3 Kh5 35. Kd2 {Game drawn by mutual agreement} 1/2-1/2

[Event "Team 45 45 League T99"]
[Site "Internet Chess Club"]
[Date "2024.02.16"]
[Round "1"]
[White "thundercat1"]
[Black "kabubi"]
[Result "0-1"]
[WhiteElo "997"]
[BlackElo "1132"]
[Opening "Bishop's opening: Berlin defense"]
[ECO "C24"]
[Time "21:00:24"]
[PlyCount "192"]
[TimeControl "2700+45"]

1. e4 e5 2. Bc4 Nf6 3. d3 d5 4. Bb3 dxe4 5. dxe4 Qxd1+ 6. Kxd1 Nxe4 7. Be3 Nc6
8. c3 Bf5 9. Na3 Bxa3 10. bxa3 O-O-O+ 11. Ke2 f6 12. f3 Nxc3+ 13. Kf2 Rhe8 14.
g4 Be6 15. Bxe6+ Rxe6 16. Nh3 h6 17. Kg3 Rd3 18. Rhe1 Nd5 19. Bf2 Rxa3 20. Bc5
Rc3 21. Bf8 f5 22. Nf2 fxg4 23. Nxg4 Rg6 24. Re2 h5 25. h3 hxg4 26. hxg4 Nf4 27.
Rh2 Nd4 28. Rh8 Rxf3+ 29. Kh2 Kd7 30. Rd1 Rxg4 31. Bc5 Rf2+ 32. Kh1 Kc6 33. Bxa7
Nfe2 34. Rh2 Nf3 35. Rxf2 Ng3+ 36. Kg2 Ne4+ 37. Kxf3 Nxf2 38. Kxf2 Ra4 39. Rc1+
Kd7 40. Rc2 Rxa7 41. Rd2+ Kc8 42. Rb2 c5 43. Ke2 g5 44. Kd3 Kd7 45. Kc4 Kc6 46.
Kb3 b5 47. Rg2 Rg7 48. Rg4 Kd5 49. Kc3 e4 50. a3 Ke5 51. Kd2 c4 52. Ke3 c3 53.
Rxe4+ Kd5 54. Rd4+ Kc5 55. Kd3 c2 56. Rd8 Ra7 57. Rc8+ Kb6 58. Rxc2 Rxa3+ 59.
Kd2 b4 60. Rb2 Kb5 61. Kc2 Rc3+ 62. Kb1 b3 63. Rg2 Rc5 64. Kb2 Kb4 65. Rg4+ Kb5
66. Kxb3 Kc6 67. Kb4 Rf5 68. Kc3 Kd5 69. Rd4+ Ke5 70. Kd3 Rf3+ 71. Kc4 Kf5 72.
Rd5+ Kg4 73. Rd4+ Rf4 74. Kd3 Rxd4+ 75. Kxd4 Kf4 76. Kd3 Kf3 77. Kd2 g4 78. Ke1
Kg3 79. Kf1 Kf3 80. Kg1 Kg3 81. Kh1 Kf2 82. Kh2 g3+ 83. Kh1 g2+ 84. Kh2 g1=Q+
85. Kh3 Kf3 86. Kh4 Qh1+ 87. Kg5 Qh3 88. Kf6 Qh5 89. Ke6 Qg5 90. Kd6 Qf5 91. Kc6
Ke4 92. Kc7 Qe6 93. Kb7 Kd5 94. Ka8 Qd7 95. Kb8 Kc6 96. Ka8 Qb7# {White
checkmated} 0-1